 Dungeon Crawl Stone Soup version 0.14-a0-2340-g8df0fbc (webtiles) character file.

163337 MirrMurr the Imperceptible (level 16, -8/67 HPs)
             Began as a Spriggan Enchanter on Jan 29, 2014.
             Was the Champion of Ashenzari.
             Killed from afar by Nikola (24 damage)
             ... with a chain lightning
             ... on Level 1 of the Vaults on Jan 30, 2014.
             The game lasted 03:09:05 (36687 turns).

MirrMurr the Imperceptible (Spriggan Enchanter)    Turns: 36687, Time: 03:09:06

HP  -8/67        AC 11     Str  7      XL: 16   Next: 95%
MP   1/40        EV 47     Int 18      God: Ashenzari [******]
Gold 1294        SH 13     Dex 24      Spells: 11 memorised,  5 levels left

rFire  . . .     SeeInvis +     a - +4,+8 dagger (venom) (curse)
rCold  . . .     Clarity  +     r - +4 robe of the Slug {+Blink +Inv rPois Dex+1}
rNeg   . . .     Conserve .     R - +0 buckler
rPois  +         rCorr    .     S - +2 hat (curse)
rElec  .         rRot     .     L - +1 cloak (curse)
SustAb . .       Spirit   .     (gloves unavailable)
rMut   +         Warding  .     (boots unavailable)
Saprov . . .     Stasis   .     h - amulet of resist mutation
MR     ++...                    t - cursed +4 ring of dexterity
                                u - cursed ring of regeneration

@: repel missiles, phasing (expiring), very slightly contaminated, very quick,
very resistant to hostile enchantments, uncannily stealthy
A: unfitting armour, icy blue scales 1, thin skeletal structure 1, see
invisible, herbivore 3, speed 3, slow metabolism 2, spit poison 1, weak 1
a: Spit Poison, Scrying, Transfer Knowledge, Renounce Religion, Evoke Blink,
Evoke Invisibility
}: 1/15 runes: barnacled


You were on level 1 of the Vaults.
You worshipped Ashenzari.
Ashenzari was exalted by your worship.
You were not hungry.

You visited 6 branches of the dungeon, and saw 35 of its levels.
You also visited: Sewer, Bailey and Ice Cave.

You collected 2818 gold pieces.
You spent 1524 gold pieces at shops.

Inventory:

Hand weapons
 a - a cursed +4,+8 dagger of venom (weapon)
Missiles
 d - 5 darts (quivered)
Armour
 f - the cursed +0 cloak of Hysteria {+Blink rPois Int+2 SInv}
   (You acquired it on level 1 of the Vaults)

   It affects your intelligence (+2).
   It protects you from poison.
   It enhances your eyesight.
   It lets you blink.
   It has a curse placed upon it.
 r - the cursed +4 robe of the Slug (worn) {+Blink +Inv rPois Dex+1}
   (You bought it in a shop on level 7 of the Dungeon)

   It affects your dexterity (+1).
   It protects you from poison.
   It lets you turn invisible.
   It lets you blink.
   It has a curse placed upon it.
 L - a cursed +1 cloak (worn)
 R - a +0 buckler (worn)
 S - a cursed +2 hat (worn)
Magical devices
 x - a wand of cold (6) {unknown}
 z - a wand of teleportation (2)
 C - a wand of lightning (3)
 J - a wand of digging (2)
 P - a wand of disintegration (8)
Comestibles
 g - 2 apples
 G - 3 pears
Scrolls
 i - 6 scrolls of identify
 j - a scroll of teleportation
 n - a scroll of fog
 p - 5 scrolls of remove curse
 v - a scroll of curse jewellery
 y - 2 scrolls of fear
 F - a scroll of recharging
 H - 2 scrolls of magic mapping
Jewellery
 h - an amulet of resist mutation (around neck)
 t - a cursed +4 ring of dexterity (right hand)
 u - a cursed ring of regeneration (left hand)
Potions
 b - a potion of agility
 c - a potion of speed
 e - a potion of porridge
 l - a potion of invisibility
 m - a potion of berserk rage
 o - a potion of restore abilities
 q - a potion of magic
 s - 4 potions of curing
 w - a potion of might
 B - 2 potions of brilliance
 D - 3 potions of heal wounds
 E - a potion of resistance
 K - a potion of flight
Books
 A - a book of War Chants

   Spells                             Type                      Level
   Fire Brand                         Charms/Fire                  2
   Freezing Aura                      Charms/Ice                   2
   Shroud of Golubria                 Charms/Translocation         2
   *Repel Missiles                    Charms/Air                   2
   Poison Weapon                      Charms/Poison                3
   Regeneration                       Charms/Necromancy            3


   Skills:
 - Level 6.3(10.8) Short Blades
 - Level 1.1 Throwing
 - Level 15.7(19.6) Dodging
 + Level 23.4(26.7) Stealth
 - Level 15.6 Spellcasting
 * Level 9.0(11.9) Conjurations
 - Level 12.4(15.1) Hexes
 - Level 7.2(10.2) Charms
 - Level 6.9(10.0) Translocations
 + Level 2.7(5.2) Fire Magic
 + Level 2.2(4.5) Ice Magic
 - Level 0.8(2.3) Air Magic
 + Level 3.1(5.7) Poison Magic
 - Level 8.4(11.4) Evocations


You had 5 spell levels left.
You knew the following spells:

 Your Spells              Type           Power        Failure   Level  Hunger
a - Ensorcelled Hibernat  Hex/Ice        #####.       1%          2    None
b - Confuse               Hex            ######..     1%          3    None
c - Conjure Flame         Conj/Fire      #####...     1%          3    None
d - Freezing Cloud        Conj/Ice/Air   #####.....   69%         6    #####..
e - Poisonous Cloud       Conj/Pois/Air  #####.....   56%         6    #####..
f - Flight                Chrm/Air       #####.....   1%          3    None
i - Invisibility          Hex            ######..     1%          6    #####..
m - Mephitic Cloud        Conj/Pois/Air  #####...     1%          3    None
p - Phase Shift           Tloc           ######....   2%          5    ###....
r - Repel Missiles        Chrm/Air       #####.....   1%          2    None
B - Blink                 Tloc           N/A          1%          2    None


Dungeon Overview and Level Annotations

Branches:
Dungeon (16/16)            Temple (1/1) D:6             Orc (4/4) D:9
    Elf (0/3) Orc:3          Lair (8/8) D:8          Shoals (5/5) Lair:5
 Spider (0/5) Lair:4        Slime (0/6) Lair:7       Vaults (1/5) D:15
 Depths (0/6) D:16

Altars:
Ashenzari
Cheibriados
Dithmengos
Elyvilon
Fedhas
Kikubaaqudgha
Makhleb
Nemelex Xobeh
Okawaru
Sif Muna
Trog
Vehumet
Xom
Yredelemnul
Zin
The Shining One
Beogh

Shops:
D:5 :   D:7 [=   D:8 /   D:9 %   D:12 }   Orc:4 ([*:

Annotations:
D:5 come back, ciphuk's ghost, average GrBe
D:7 come back, Duskembrace's ghost, experienced VSEn
D:9 food
D:15 troll hide
Vaults:1 Nikola


Innate Abilities, Weirdness & Mutations

You are tiny and cannot use many weapons and most armour.
You have supernaturally acute eyesight.
You are a herbivore.
You cover ground extremely quickly.
You need consume almost no food.
You are partially covered in icy blue scales (AC +1).
You have a somewhat thin skeletal structure (Dex +2, Stlth).
You can spit poison.
You are weak. (Str -2)


Message History

Press: ? - help, Dir - move target cursor, f - Nikola, p - vault warden
Aim: Nikola, wielding a cutlass of electrocution, wearing a cloak and wearing a pair of gloves (lightly wounded, poisoned)
The runic seal fades away.
Nikola is engulfed in poison gas.
Nikola gestures wildly while chanting.
Nikola blinks!
The vault warden is engulfed in poison gas.
The vault warden looks even sicker.
The vault warden activates a sealing rune.
Casting: Poisonous Cloud
Confirm with . or Enter, or press ? or * to list all spells.
Aiming: Poisonous Cloud
Press: ? - help, Dir - move target cursor, f/p - Nikola
Aim: Nikola, wielding a cutlass of electrocution, wearing a cloak and wearing a pair of gloves (moderately wounded, poisoned)
You feel closer to the material plane.
Nikola is engulfed in poison gas.
Nikola gestures wildly while chanting.
You hear a mighty clap of thunder!
The lightning arc hits the vault warden.
The lightning arc hits you!
You die...

#..§§§......#).§§§§.§§§
#..[§§..{...'.§§§§§.§§@
#####§#######...§.@.§.§
#)§§§§§@# #.....#####
#.§§§§§§# #.....#####
#..§§§§§# #.....##...
#...§@§§# #.....##.#.
#...§§§§# #.....##...
#...@§§§# #.....##.#.
######+######.....#....
#..........##.....#....
#..........##.....#....
#..........##.....#..#.
#..[.......##.....#.##.
#..........##.....#..#.
#..........##.....#.##.
#############.....#..##


You could see Nikola and a vault warden.

Vanquished Creatures
  A kraken (Shoals:4)
  Kirke (D:15)
  Ilsuiw (Shoals:5)
  Donald (Vaults:1)
  An orc warlord (Orc:4)
  Gastronok (D:8)
  2 stone giants (Vaults:1)
  3 merfolk javelineers (Shoals:5)
  3 vault guards (Vaults:1)
  6 merfolk impalers
  An ironheart preserver (Vaults:1)
  3 sirens
  4 merfolk aquamancers (Shoals:5)
  Fannar (Orc:4)
  9 hydras
  A ravenous feature mimic (Shoals:5)
  An alligator snapping turtle (Shoals:4)
  A deep troll earth mage (D:15)
  18 death yaks
  3 ogre magi
  A deep troll shaman (Lair:8)
  A catoblepas (Lair:8)
  4 orc high priests (Orc:4)
  A very ugly thing (Vaults:1)
  4 centaur warriors
  Nergalle (Lair:5)
  Erolcha (D:12)
  A deep elf knight (D:15)
  4 sea snakes
  An unseen horror (D:15)
  3 deep trolls (D:15)
  11 harpies
  6 hill giants
  A giant amoeba (D:15)
  3 ironbrand convokers (Vaults:1)
  A water nymph (Shoals:3)
  Joseph (D:8)
  A lindwurm (Lair:8)
  4 cyclopes
  2 deep elf conjurers (D:12)
  7 griffons
  3 orc sorcerers (Orc:4)
  2 black mambas
  7 elephants
  A spiny worm (Vaults:1)
  12 orc knights
  Maurice (D:8)
  A queen ant (Lair:4)
  9 octopodes
  2 fauns (Shoals:4)
  3 feature mimics
  Psyche (D:12)
  10 spiny frogs
  A vault sentinel (Vaults:1)
  6 fire drakes
  6 mermaids
  6 yaktaurs
  9 komodo dragons
  2 centaur zombies
  8 merfolk
  4 trolls
  5 two-headed ogres
  A centaur skeleton (D:11)
  A troll (shapeshifter) (Vaults:1)
  A wind drake (Shoals:3)
  16 blink frogs
  5 snapping turtles
  3 boulder beetles
  A hydra skeleton (D:8)
  10 slime creatures
  4 basilisks
  A trapdoor spider (D:14)
  A vampire (Vaults:1)
  A fire giant simulacrum (D:15)
  A shadow (D:15)
  30 ugly things
  3 wraiths
  An elephant slug (Lair:5)
  A grizzly bear (Lair:8)
  A golden eye (shapeshifter) (Vaults:1)
  7 hippogriffs
  3 wyverns
  A trapdoor spider (shapeshifter) (Vaults:1)
  4 sharks
  46 yaks
  A deep elf fighter (D:15)
  A hungry ghost (D:10)
  7 wolves
  7 soldier ants
  Menkaure (D:6)
  5 manticores
  A freezing wraith (Vaults:1)
  2 mottled dragons
  8 porcupines
  42 orc warriors
  6 ice beasts
  3 sky beasts
  7 necrophages
  A boring beetle (Lair:5)
  2 yellow wasps
  3 black bears
  A griffon simulacrum (D:14)
  3 phantoms
  2 giant goldfish (Lair:5)
  4 wargs
  3 big kobolds
  A fire crab zombie (D:14)
  Sigmund (D:6)
  12 centaurs
  14 crocodiles
  4 giant slugs
  16 ogres
  19 giant frogs
  2 elf zombies (D:8)
  A cyclops zombie (D:10)
  4 agate snails
  11 water moccasins
  14 wights
  An eye of draining (D:12)
  2 jellyfish (Lair:1)
  2 electric eels
  11 killer bees
  A hippogriff skeleton (D:9)
  A giant frog zombie (D:5)
  3 goliath beetles
  A water moccasin zombie (D:8)
  3 human zombies (D:8)
  3 jellies
  14 hounds
  4 scorpions
  35 orc priests
  14 crimson imps
  2 human skeletons (D:8)
  4 orange rats
  A two-headed ogre skeleton (D:8)
  4 big fish (Lair:1)
  8 iguanas
  39 orc wizards
  An orange rat (shapeshifter) (Vaults:1)
  37 worker ants
  A mottled dragon zombie (D:14)
  Ijyb (D:3)
  A big kobold zombie (D:12)
  32 sheep
  A hound skeleton (D:10)
  2 mummies
  4 gnolls
  17 adders
  77 green rats
  8 giant centipedes
  4 giant mites
  A goliath beetle zombie (D:11)
  An inept item mimic (D:3)
  8 worms
  An adder skeleton (D:9)
  13 grey rats
  An ooze (D:1)
  240 orcs
  4 ball pythons
  25 bats
  21 goblins
  14 hobgoblins
  25 jackals
  12 quokkas
  7 giant cockroaches
  5 giant geckos
  A giant gecko skeleton (D:4)
  A giant gecko zombie (D:7)
  11 giant newts
  A giant spore (D:6)
  A goblin zombie (Orc:4)
  A hobgoblin zombie (D:8)
  15 kobolds
  5 orc skeletons
  9 orc zombies
  22 rats
1356 creatures vanquished.

Vanquished Creatures (others)
  4 humans (D:15)
  2 ogres (D:15)
  A kobold demonologist (D:15)
  A big kobold (D:15)
  2 orcs
  A giant cockroach (Lair:4)
  A kobold (D:15)
  A fungus (Lair:4)
  A plant (Lair:1)
  12 tentacles (Shoals:4)
  102 tentacle segments (Shoals:4)
128 creatures vanquished.

Grand Total: 1484 creatures vanquished

Notes
Turn   | Place    | Note
--------------------------------------------------------------
     0 | D:1      | MirrMurr, the Spriggan Enchanter, began the quest for the Orb.
     0 | D:1      | Reached XP level 1. HP: 9/9 MP: 4/4
   477 | D:1      | Reached skill level 4 in Stealth
   483 | D:1      | Reached XP level 2. HP: 13/13 MP: 7/7
   494 | D:1      | Learned a level 2 spell: Ensorcelled Hibernation
   516 | D:1      | Noticed a troll
   929 | D:1      | Reached skill level 5 in Stealth
  1207 | D:1      | Reached XP level 3. HP: 9/16 MP: 9/9
  1219 | D:1      | Learned a level 3 spell: Confuse
  1734 | D:2      | Reached skill level 6 in Stealth
  2425 | D:3      | Reached XP level 4. HP: 15/21 MP: 12/12
  2558 | D:3      | Found a burning altar of Makhleb.
  3287 | D:3      | Reached skill level 7 in Stealth
  3344 | D:3      | Noticed Ijyb
  3353 | D:3      | Killed Ijyb
  3353 | D:3      | Reached XP level 5. HP: 24/24 MP: 7/14
  3732 | D:4      | Noticed an ogre
  3774 | D:4      | Killed an ogre
  3841 | D:4      | Reached skill level 8 in Stealth
  4025 | D:3      | Found a glowing golden altar of the Shining One.
  4025 | D:3      | Found a shattered altar of Ashenzari.
  4035 | D:3      | Became a worshipper of Ashenzari the Shackled
  4081 | D:4      | Reached XP level 6. HP: 28/28 MP: 10/17
  4148 | D:5      | Entered Level 5 of the Dungeon
  4210 | D:5      | Noticed a wolf
  4267 | D:5      | Reached skill level 9 in Stealth
  4293 | D:5      | Noticed ciphuk's ghost (average GrBe)
  4293 | D:5      | Found Tryzayr's Book Shoppe.
  4314 | D:5      | Killed a wolf
  4314 | D:5      | Reached skill level 5 in Short Blades
  4314 | D:5      | Reached XP level 7. HP: 28/32 MP: 6/20
  4433 | D:5      | Found a glowing drain.
  4458 | Sewer    | Entered a sewer
  5043 | D:6      | Reached skill level 10 in Stealth
  5047 | D:6      | Noticed Menkaure
  5062 | D:6      | Killed Menkaure
  5198 | D:6      | Reached XP level 8. HP: 34/36 MP: 18/23
  5300 | D:6      | Found a staircase to the Ecumenical Temple.
  5308 | Temple   | Entered the Ecumenical Temple
  5796 | D:6      | Noticed Sigmund
  5812 | D:6      | Killed Sigmund
  5812 | D:6      | Reached skill level 11 in Stealth
  5812 | D:6      | Reached skill level 5 in Spellcasting
  5812 | D:6      | Reached skill level 5 in Hexes
  5996 | D:7      | Found Ufror's Antique Armour Emporium.
  5999 | D:7      | Noticed Duskembrace's ghost (experienced VSEn)
  6545 | D:7      | Reached XP level 9. HP: 32/39 MP: 15/27
  6793 | D:7      | Reached skill level 12 in Stealth
  7065 | D:7      | Found Udaghuf's Jewellery Emporium.
  7229 | D:7      | Acquired Ashenzari's first power
  7284 | D:7      | Bought a tattered robe for 136 gold pieces
  7284 | D:7      | Identified the +4 robe of the Slug {+Blink +Inv rPois Dex+1} (You bought it in a shop on level 7 of the Dungeon)
  7284 | D:7      | Bought a buckler for 60 gold pieces
  7284 | D:7      | Bought a hat for 60 gold pieces
  7394 | D:8      | Noticed Gastronok
  7560 | D:8      | Noticed Joseph
  7809 | D:8      | Found a staircase to the Lair.
  7823 | D:8      | Found Thuec's Magical Wand Shoppe.
  7925 | D:8      | Reached skill level 13 in Stealth
  7975 | D:8      | Found a basalt altar of Yredelemnul.
  7985 | D:8      | Reached skill level 10 in Hexes
  7985 | D:8      | Reached XP level 10. HP: 44/44 MP: 24/29
  8085 | D:8      | Noticed Maurice
  8115 | D:8      | Killed Joseph
  8207 | D:8      | Killed Maurice
  8242 | D:8      | Gained mutation: You can spit poison. [potion of mutation]
  8242 | D:8      | Gained mutation: You are partially covered in icy blue scales (AC +1). [potion of mutation]
  8242 | D:8      | Gained mutation: You are weak. (Str -2) [potion of mutation]
  8251 | D:8      | Gained mutation: You have a somewhat thin skeletal structure (Dex +2, Stlth). [potion of beneficial mutation]
  8512 | Lair:1   | Entered Level 1 of the Lair of Beasts
  8814 | Lair:1   | Learned a level 6 spell: Invisibility
  8898 | Lair:1   | Reached skill level 14 in Stealth
  9171 | Lair:1   | Reached skill level 5 in Dodging
  9238 | Lair:1   | Reached XP level 11. HP: 47/47 MP: 16/31
  9633 | Lair:2   | Acquired Ashenzari's second power
  9739 | Lair:2   | Noticed an eight-headed hydra
  9747 | Lair:2   | Killed an eight-headed hydra
  9817 | Lair:2   | Reached skill level 15 in Stealth
 10291 | Lair:2   | Noticed a five-headed hydra
 10338 | Lair:2   | Killed a five-headed hydra
 11319 | Lair:3   | Noticed a five-headed hydra
 11345 | Lair:3   | Killed a five-headed hydra
 11345 | Lair:3   | Reached skill level 5 in Evocations
 11507 | Lair:3   | Noticed a six-headed hydra
 11513 | Lair:3   | Killed a six-headed hydra
 11752 | Lair:3   | Noticed a death yak
 11753 | Lair:3   | Noticed a death yak
 11753 | Lair:3   | Noticed a death yak
 11754 | Lair:3   | Noticed a death yak
 11754 | Lair:3   | Noticed a death yak
 11757 | Lair:3   | Noticed a death yak
 11765 | Lair:3   | Killed a death yak
 11765 | Lair:3   | Reached skill level 10 in Dodging
 11778 | Lair:3   | Killed a death yak
 11782 | Lair:3   | Killed a death yak
 11782 | Lair:3   | Reached XP level 12. HP: 40/51 MP: 29/33
 11792 | Lair:3   | Killed a death yak
 11793 | Lair:3   | Killed a death yak
 11793 | Lair:3   | Reached skill level 10 in Spellcasting
 11799 | Lair:3   | Killed a death yak
 12437 | Lair:4   | Acquired Ashenzari's third power
 12649 | Lair:4   | Found a hole to the Spider Nest.
 12715 | Lair:4   | Reached skill level 16 in Stealth
 13963 | Lair:5   | Reached skill level 17 in Stealth
 14003 | Lair:5   | Noticed Nergalle
 14130 | Lair:5   | Killed Nergalle
 14199 | Lair:5   | Found a staircase to the Shoals.
 14382 | Lair:5   | Reached XP level 13. HP: 55/55 MP: 32/35
 14389 | Lair:5   | Reached skill level 18 in Stealth
 15476 | Lair:6   | Acquired Ashenzari's fourth power
 15949 | Lair:6   | Reached skill level 19 in Stealth
 16353 | Lair:7   | Identified the -5 scale mail of Jinelal {rN+ MR++ Acc+4}
 16895 | Lair:7   | Found a staircase to the Slime Pits.
 17420 | Lair:8   | Entered Level 8 of the Lair of Beasts
 17620 | Lair:8   | Reached skill level 20 in Stealth
 18768 | Lair:8   | Reached XP level 14. HP: 59/59 MP: 31/37
 18777 | Lair:8   | Identified the cursed +2 chain mail of Stezunaz {rElec rF++ Int+1}
 19383 | D:9      | Found Sheyle's Food Shoppe.
 19425 | D:9      | Found a staircase to the Orcish Mines.
 19684 | D:9      | Upgraded the game from 0.14-a0-2327-g5ff15cf to 0.14-a0-2340-g8df0fbc
 19685 | Orc:1    | Entered Level 1 of the Orcish Mines
 20054 | Orc:1    | Found a roughly hewn altar of Beogh.
 20630 | Orc:2    | Found a flagged portal.
 20798 | Bailey   | Entered a bailey
 20831 | Bailey   | Reached skill level 15 in Dodging
 22367 | Orc:3    | Found a staircase to the Elven Halls.
 23042 | Orc:4    | Entered Level 4 of the Orcish Mines
 23398 | Orc:4    | Noticed an orc warlord
 23679 | Orc:4    | Reached skill level 21 in Stealth
 23722 | Orc:4    | Reached skill level 15 in Spellcasting
 23761 | Orc:4    | Killed an orc warlord
 24082 | Orc:4    | Noticed Fannar
 24089 | Orc:4    | Killed Fannar
 24764 | Orc:4    | Found Efeg Era's General Store.
 24765 | Orc:4    | Found Hocad's Book Emporium.
 24766 | Orc:4    | Found Croown's Antique Armour Emporium.
 24766 | Orc:4    | Found Milagur's Antique Weapon Shoppe.
 25029 | Orc:4    | Bought an apple for 12 gold pieces
 25040 | Orc:4    | Bought a glowing robe for 21 gold pieces
 25194 | Orc:4    | Bought a book of Minor Magic for 260 gold pieces
 25198 | Orc:4    | Learned a level 2 spell: Blink
 25202 | Orc:4    | Learned a level 3 spell: Conjure Flame
 25206 | Orc:4    | Learned a level 3 spell: Mephitic Cloud
 25619 | D:10     | Entered Level 10 of the Dungeon
 25628 | D:10     | Reached skill level 1 in Translocations
 25640 | D:10     | Reached skill level 1 in Conjurations
 26076 | D:10     | Reached XP level 15. HP: 63/63 MP: 32/39
 27738 | D:12     | Noticed Psyche
 27744 | D:12     | Killed Psyche
 28032 | D:12     | Identified the +4 chain mail of Greed {Dex+1}
 28062 | D:12     | Noticed Erolcha
 28065 | D:12     | Killed Erolcha
 28252 | D:12     | Found Kaqiamist's Gadget Shop.
 28735 | D:13     | Identified the +2 leather armour of Cheibriados' Hope {Str+3 Int+4}
 29362 | D:14     | Reached skill level 5 in Translocations
 29660 | Lair:2   | Learned a level 5 spell: Phase Shift
 29667 | Lair:2   | Learned a level 6 spell: Mass Confusion
 30644 | D:15     | Entered Level 15 of the Dungeon
 30653 | D:15     | Noticed Kirke
 30660 | D:15     | Killed Kirke
 30677 | D:15     | Reached skill level 22 in Stealth
 30986 | D:15     | Reached skill level 5 in Conjurations
 31056 | D:15     | Found a gate to the Vaults.
 31220 | D:16     | Entered Level 16 of the Dungeon
 31233 | D:16     | Found a staircase to the Depths.
 31516 | Orc:4    | Bought a book of Dreams for 975 gold pieces
 31521 | Orc:4    | Learned a level 3 spell: Flight
 31701 | Lair:2   | Identified a scroll of acquirement
 31707 | Lair:2   | Learned a level 2 spell: Repel Missiles
 31809 | Shoals:1 | Entered Level 1 of the Shoals
 31857 | Shoals:1 | Reached skill level 1 in Charms
 32536 | Shoals:4 | Noticed a kraken
 32722 | Shoals:4 | Killed a kraken
 32722 | Shoals:4 | Reached XP level 16. HP: 67/67 MP: 34/40
 32738 | Shoals:4 | Reached skill level 5 in Charms
 33140 | Shoals:5 | Entered Level 5 of the Shoals
 33142 | Shoals:5 | Noticed Ilsuiw
 33150 | Shoals:5 | Killed Ilsuiw
 33386 | Shoals:5 | Reached skill level 23 in Stealth
 33398 | Shoals:5 | Got a barnacled rune of Zot
 33919 | Vaults:1 | Entered Level 1 of the Vaults
 34097 | D:15     | Reached skill level 1 in Fire Magic
 34153 | D:15     | Reached skill level 1 in Ice Magic
 34265 | Vaults:1 | Reached skill level 1 in Poison Magic
 34376 | Vaults:1 | Found a frozen archway.
 34527 | IceCv    | Entered an ice cave
 34620 | Vaults:1 | Identified the cursed +0 cloak of Hysteria {+Blink rPois Int+2 SInv} (You acquired it on level 1 of the Vaults)
 34708 | Vaults:1 | Noticed Nikola
 34760 | Vaults:1 | Noticed Donald
 34764 | Vaults:1 | Killed Donald
 34859 | Vaults:1 | Paralysed by an ogre mage for 7 turns
 35240 | Vaults:1 | Identified the +2 scale mail of the Cicada {Str+2 Acc+4}
 36111 | D:8      | Killed Gastronok
 36232 | Lair:2   | Learned a level 6 spell: Poisonous Cloud
 36243 | Lair:2   | Learned a level 6 spell: Freezing Cloud
 36687 | Vaults:1 | Killed from afar by Nikola

Action                   |  1- 3 |  4- 6 |  7- 9 | 10-12 | 13-15 | 16-18 || total
-------------------------+-------+-------+-------+-------+-------+-------++-------
Melee: Dagger            |   133 |   129 |   338 |   874 |  1945 |   276 ||  3695
 Fire: Sling             |       |    17 |       |       |       |       ||    17
Throw: Dart              |       |     3 |     1 |       |       |       ||     4
 Cast: Ensorcelled Hiber |     5 |    17 |    44 |    45 |   186 |    52 ||   349
       Corona            |       |     2 |       |       |       |       ||     2
       Confuse           |       |     5 |    60 |     1 |    74 |    17 ||   157
       Invisibility      |       |       |       |     7 |    22 |     8 ||    37
       Flight            |       |       |       |       |     9 |    10 ||    19
       Phase Shift       |       |       |       |       |     3 |     6 ||     9
       Repel Missiles    |       |       |       |       |     1 |     7 ||     8
       Mephitic Cloud    |       |       |       |       |       |    11 ||    11
       Conjure Flame     |       |       |       |       |       |     6 ||     6
       Poisonous Cloud   |       |       |       |       |       |     6 ||     6
       Mass Confusion    |       |       |       |       |       |     2 ||     2
Invok: Scrying           |       |       |       |       |       |     1 ||     1
 Abil: Evoke Blink       |       |       |       |       |     1 |       ||     1
Evoke: Wand              |       |       |     5 |     4 |     8 |       ||    17
  Use: Scroll            |     3 |     7 |     4 |    13 |     9 |     3 ||    39
       Potion            |       |     1 |     2 |    10 |     2 |     2 ||    17
 Stab: Sleeping          |    17 |    11 |    57 |    99 |   336 |    69 ||   589
       Confused          |       |     2 |    13 |     2 |    17 |     5 ||    39
       Distracted        |       |       |     4 |     7 |    17 |     1 ||    29
       Invisible         |       |       |       |    42 |   114 |    21 ||   177
